 Dungeon Sprint DCSS version 0.26-a0-707-g31817bcca1 (webtiles) character file.

Game seed: 11731435615098483368

1045 jfcaron the Protected (level 8, -1/82 HPs)
             Began as a Minotaur Fighter on Oct 27, 2020.
             Succumbed to a swamp dragon's poison gas
             ... while paralysed
             ... in the Dungeon (Sprint VII: "The Pits").
             The game lasted 00:02:20 (446 turns).

jfcaron the Protected (Minotaur Fighter)             Turns: 446, Time: 00:02:20

Health: -1/82      AC: 15    Str: 23    XL:     8   Next: 4%
Magic:  7/7        EV:  2    Int:  5    God:
Gold:   0          SH:  0    Dex: 10    Spells: 7/7 levels left

rFire    . . .     SeeInvis .   l - +0 trident (vorpal)
rCold    . . .     Faith    .   c - +0 kite shield
rNeg     . . .     Spirit   .   m - +3 chain mail
rPois    .         Reflect  .   (helmet restricted)
rElec    .         Harm     .   (no cloak)
rCorr    .         Rampage  .   (no gloves)
MR       .....     NoTele   +   (no boots)
Stlth    ..........             (no amulet)
HPRegen  0.23/turn              (no ring)
MPRegen  0.10/turn              (no ring)

@: paralysed, lethally poisoned (-1 -> -74), berserk cooldown, slowed
A: retaliatory headbutt, horns 2
a: no special abilities


You were in the Dungeon.
You visited 1 branch

Inventory:

Hand Weapons
 l - a +0 vorpal trident (weapon)
Armour
 c - a +0 kite shield (worn)
 m - a +3 chain mail (worn)
Scrolls
 j - a scroll of blinking
Potions
 d - a potion of might
 e - 6 potions of curing
 f - 6 potions of heal wounds
 g - a potion of haste
 h - 2 potions of magic


   Skills:
 + Level 11.0 Fighting
 + Level 10.7 Polearms
 + Level 11.1 Armour
 + Level 11.0 Shields


You had 7 spell levels left.
You didn't know any spells.
Your spell library was empty.

Dungeon Overview and Level Annotations

Branches:
Dungeon (1/1)

Altars:


Innate Abilities, Weirdness & Mutations

You reflexively headbutt those who attack you in melee.
You have a pair of horns on your head.


Message History

You feel very sick.
Unknown command.
You are too berserk!
Unknown command.
Really walk into that cloud of poison gas?
Okay, then.
* * * LOW HITPOINT WARNING * * *
You feel very sick.
Unknown command.
You feel a strong urge to attack something.
* * * LOW HITPOINT WARNING * * *
You feel very sick.
* * * LOW HITPOINT WARNING * * *
You feel very sick.
You feel your anger nearly subside.
You are no longer berserk.
You pass out from exhaustion.
You feel yourself slow down.
* * * LOW HITPOINT WARNING * * *
You feel very sick.
You die...

#.#..#..#).##.......#
#.#..#..#.[##.......#
#.##†#..#[###...<...#
#.#..†.....##.......#
#.#........##.......#
#†###########.......#
#†......# #########
#..###..# #.†..@..#
##.###.##+#
#.....°.#○+
#..###○°#○#
#...○○°°○○#
###########


There were no monsters in sight!

Vanquished Creatures
  A swamp dragon (D)
  2 floating eyes (D)
  Purgy (D)
  A sky beast (D)
  A phantom (D)
  An iron imp (D)
  2 gnolls (D)
  A river rat (D)
  An ooze (D)
  2 leopard geckos (D)
  A giant cockroach (D)
  A bat (D)
  2 frilled lizards (D)
  A rat (D)
18 creatures vanquished.

Notes
Turn   | Place    | Note
-------+----------+-------------------------------------------
     0 | D        | jfcaron the Minotaur Fighter began the quest for the Orb.
     0 | D        | Reached XP level 1. HP: 19/19 MP: 0/0
    10 | D        | Noticed a floating eye
    13 | D        | Killed a floating eye
    13 | D        | Reached skill level 5 in Polearms
    13 | D        | Reached XP level 2. HP: 31/31 MP: 1/1
    13 | D        | Reached XP level 3. HP: 38/38 MP: 2/2
    13 | D        | Reached XP level 4. HP: 45/45 MP: 3/3
    31 | D        | Noticed a floating eye
    32 | D        | Paralysed by a floating eye for 4 turns
    42 | D        | Paralysed by a floating eye for 4 turns
    48 | D        | Killed a floating eye
    48 | D        | Reached XP level 5. HP: 17/53 MP: 4/4
   264 | D        | Noticed Purgy
   276 | D        | Killed Purgy
   276 | D        | Reached XP level 6. HP: 55/62 MP: 5/5
   405 | D        | Noticed a sky beast
   415 | D        | Killed a sky beast
   415 | D        | Reached XP level 7. HP: 69/71 MP: 6/6
   430 | D        | Noticed a swamp dragon
   441 | D        | Killed a swamp dragon
   441 | D        | Reached skill level 10 in Polearms
   441 | D        | Reached XP level 8. HP: 30/82 MP: 7/7
   442 | D        | HP: 21/123 [poisoned by a swamp dragon (poison gas)]
   445 | D        | HP: 3/82 [poisoned by a swamp dragon (poison gas)]
   446 | D        | Succumbed to a swamp dragon's poison gas

Illustrated notes

Levels and vault maps discovered:
D:        pitsprint [storerooms_1, entrance_room_1, metal_vault_4, armoury_1,
          mini_pit_1, grid_room_1, main_hall_1, silver_pit, the_coven_2,
          the_vestibule_1, steel_vault_5, golden_pit, hallway_of_sentries,
          crystal_vault_5, iron_vault_2, final_vault]

Skill      XL: |  1  2  3  4  5  6  7 |
---------------+----------------------+-----
Fighting       | 6 7 8 9 11 | 11.0
Polearms       | 5 7 8 9 10 | 10.7
Armour         | 6 7 8 9 11 | 11.1
Shields        | 6 7 8 9 11 | 11.0

Action                   |  1- 3 |  4- 6 |  7- 9 || total
-------------------------+-------+-------+-------++-------
Melee: Trident           |     3 |    59 |    10 ||    72
       Headbutt          |     1 |    11 |     3 ||    15
  Use: Potion            |       |       |     1 ||     1
Armor: Scale mail        |       |    16 |       ||    16
       Chain mail        |       |     7 |     2 ||     9
Dodge: Dodged            |       |    12 |     6 ||    18
Block: Kite shield       |       |    18 |     6 ||    24

Table legend: (Time is in decaauts)
 A = Elapsed time spent in this place.
 B = Non-inter-level travel time spent in this place.
 C = Inter-level travel time spent in this place.
 D = Time resting spent in this place.
 E = Time spent auto-exploring this place.
 F = Levels seen in this place.
 G = Mean time per level.
                   A        B        C        D        E       F      G
               +--------+--------+--------+--------+--------+-----+--------+
         Total |    440 |    426 |     14 |    234 |      0 |   1 |  440.0 |
       Dungeon |    440 |    426 |     14 |    234 |      0 |   1 |  440.0 |
               +--------+--------+--------+--------+--------+-----+--------+

Top non-repeatable levels by time:
       D: 440 daAuts
